Punishers vs Atomiques

Created - February 11, 2021 at 19:07

Goals
1 2 3 T
Punishers 0 2 3 5
Atomiques 1 1 0 2
Shots
1 2 3 T
Punishers 9 15 16 40
Atomiques 7 10 3 20

1st period

1. Atomiques , Nicolas Aube-Kubel 10 (Cody Goloubef 36, Jordan Greenway 1) at 8:28

Penalties :
Elias Lindholm (Pro) for Tripping (Minor) at 0:21, Dylan Strome (STB) for High sticking (Minor) at 3:17, Niko Mikkola (Pro) for Slashing (Minor) at 11:08

2nd period

2. Punishers , Radek Faksa 21 (Adam Pelech 30, Samuel Morin 10) at 8:12 (PP)
3. Atomiques , Oscar Sundqvist 24 (Pontus Aberg 41, Cody Goloubef 37) at 17:27 (PP)
4. Punishers , Zack Hamill 4 (Anton Blidh 8, Brett Kulak 14) at 19:54

Penalties :
Cody Goloubef (STB) for Hooking (Minor) at 1:49, Christian Fischer (STB) for Interference (Minor) at 7:13, Radek Faksa (Pro) for Hooking (Minor) at 17:12

3rd period

5. Punishers , Tyler Bertuzzi 16 (Zack Hamill 10) at 8:28 (PP)
6. Punishers , Zack Hamill 5 (Elias Lindholm 23, Corey Tropp 17) at 10:16 (PP)
7. Punishers , Tyler Bertuzzi 17 (Radek Faksa 43) at 11:04

Penalties :
Oscar Sundqvist (STB) for Roughing (Minor) at 4:11, Denis Gurianov (STB) for Interference (Minor) at 7:15, Oscar Sundqvist (STB) for Hooking (Minor) at 9:37

Goalie Stats

Louis Domingue (Pro), 18 saves from 20 shots - (0.900), W, 22-11-0, 60:00 minutes
Kaapo Kahkonen (STB), 35 saves from 40 shots - (0.875), L, 4-8-5, 60:00 minutes

Players Stats for Punishers

Player Name              G  A  P  +/- PIM S  H  SB GA TA FO     MP     PP MP  PK MP  
------------------------------------------------------------------------------------
Adam Pelech              0  1  1   2  0   0  2  0  1  1  0/0    23:56   5:53   2:28 
Alex Schoenborn          0  0  0   1  0   1  0  0  0  0  0/0     8:14   0:00   0:00 
Andreas Athanasiou       0  0  0   0  0   6  4  0  0  0  1/1    18:00   0:24   1:45 
Anton Blidh              0  1  1   1  0   0  1  0  0  0  0/0     8:54   0:04   0:11 
Austen Brassard          0  0  0   0  0   0  1  1  0  0  0/0    18:49   3:20   0:00 
Brett Kulak              0  1  1   2  0   2  1  1  0  0  0/0    20:03   2:55   1:45 
Carter Ashton            0  0  0   0  0   6  2  0  1  0  0/1    12:24   0:07   1:22 
Corey Tropp              0  1  1   0  0   3  3  1  1  0  1/4    19:25   5:21   2:14 
Elias Lindholm           0  1  1   0  2   3  1  0  0  3  10/24  21:12   5:21   0:00 
Fredrik Claesson         0  0  0   0  0   0  0  0  0  0  0/0    12:08   0:00   0:00 
John Quenneville         0  0  0   0  0   1  1  1  0  0  4/5    10:36   0:00   0:00 
Madison Bowey            0  0  0  -1  0   1  1  1  1  2  0/0    19:36   0:00   1:45 
Nikita Gusev             0  0  0   0  0   1  0  0  0  0  0/0    10:36   0:00   0:00 
Niko Mikkola             0  0  0   0  2   0  1  0  0  0  0/0     2:44   0:00   0:00 
Noah Juulsen             0  0  0   0  0   1  0  2  0  0  0/0    14:23   2:55   0:00 
Radek Faksa              1  1  2   0  2   6  0  0  0  0  6/8    16:57   3:20   0:44 
Samuel Morin             0  1  1  -1  0   0  1  2  0  1  0/0    27:15   5:53   2:28 
Tyler Bertuzzi           2  0  2   0  0   3  1  1  0  1  0/0    17:33   3:11   2:10 
Zack Hamill              2  1  3   1  0   6  0  0  2  0  3/10   12:59   5:16   0:00 

Players Stats for Atomiques

Player Name              G  A  P  +/- PIM S  H  SB GA TA FO     MP     PP MP  PK MP  
------------------------------------------------------------------------------------
Axel Holmstrom           0  0  0   0  0   0  1  0  0  0  1/4     9:01   0:00   0:00 
Brendan Guhle            0  0  0   0  0   0  1  2  0  0  0/0    21:03   2:01   3:39 
Chase De Leo             0  0  0   0  0   1  1  2  0  0  4/8    10:31   0:00   0:00 
Christian Fischer        0  0  0  -1  2   0  1  0  0  0  0/0    15:18   2:21   0:00 
Cody Goloubef            0  2  2   0  2   1  2  4  5  1  0/0    28:10   2:12   4:01 
Denis Gurianov           0  0  0   0  2   1  1  0  0  0  2/3    15:35   1:52   0:00 
Dylan Strome             0  0  0   0  2   2  1  1  0  0  7/17   17:14   1:52   1:30 
Jeremy Lauzon            0  0  0   0  0   2  0  3  0  0  0/0    21:03   2:01   3:39 
Jordan Greenway          0  1  1   0  0   1  0  0  0  0  0/0     9:10   0:00   0:00 
Kevin Fiala              0  0  0   0  0   0  2  1  1  1  0/0    15:49   0:00   5:27 
Kirill Kaprizov          0  0  0   0  0   2  4  1  1  1  0/0    11:41   0:00   1:10 
Matt Tennyson            0  0  0   0  0   0  2  2  0  0  0/0    29:09   2:12   5:09 
Nicolas Aube-Kubel       1  0  1   0  0   3  2  0  0  0  0/0    11:14   0:00   2:00 
Oliver Kylington         0  0  0  -1  0   0  0  1  0  1  0/0    11:18   0:00   1:08 
Oscar Sundqvist          1  0  1  -1  4   1  1  2  0  0  11/18  19:16   2:21   3:23 
Pontus Aberg             0  1  1  -1  0   2  1  1  1  0  3/3    17:57   2:21   2:06 
Sean Walker              0  0  0  -1  0   0  0  0  0  1  0/0     9:48   0:00   0:00 
William Nylander         0  0  0   0  0   4  2  0  0  1  0/0    17:49   1:52   2:00 

3 Stars

1 - Zack Hamill (Pro)
2 - Tyler Bertuzzi (Pro)
3 - Adam Pelech (Pro)

Power Play

Punishers - 3 on 6 Attempt(s) - 50.00%
Atomiques - 1 on 3 Attempt(s) - 33.33%

Penalty Kill

Punishers - 2 on 3 Attempt(s) - 66.67% - Score 0 goal in Penalty Kill
Atomiques - 3 on 6 Attempt(s) - 50.00% - Score 0 goal in Penalty Kill

Team Stat

Punishers - Hits : 20 - Faceoff Wins : 25 - Blocked Shots : 10 - Penalty Minutes : 6
Atomiques - Hits : 22 - Faceoff Wins : 28 - Blocked Shots : 20 - Penalty Minutes : 12

Official

Referees : Unknown
Linesman : Unknown

Game Notes

13:35 of 2nd period - Atomiques goal is going for a video replay. After video review, No Goal. The attacking player has interfered with a goalkeeper in his goal crease.
17:27 of 2nd period - Atomiques goal is going for a video replay. After video review, Goal.

Finance

Level 1 -- Attendance: 1269 (63.45%) -- Ticket Income $50,760
Level 2 -- Attendance: 635 (63.50%) -- Ticket Income $12,700
Total Attendance: 1904 (63.47%)
Total Ticket Income: $63,460
Other Income: $3,173
Total Income: $66,633

Punishers

5 vs 5 Forward 
   Center                   Left Wing                Right Wing               Time % Phy DF OF 
 1 Elias Lindholm           Andreas Athanasiou       Austen Brassard          40     1   2  2  
 2 Radek Faksa              Tyler Bertuzzi           Corey Tropp              30     1   2  2  
 3 John Quenneville         Nikita Gusev             Carter Ashton            20     1   2  2  
 4 Zack Hamill              Anton Blidh              Alex Schoenborn          10     1   2  2  

5 vs 5 Defense 
   Defense                  Defense                                           Time % Phy DF OF 
 1 Madison Bowey            Samuel Morin                                      40     1   2  2  
 2 Brett Kulak              Adam Pelech                                       30     1   2  2  
 3 Fredrik Claesson         Noah Juulsen                                      20     1   2  2  
 4 Samuel Morin             Niko Mikkola                                      10     1   2  2  

PowerPlay Forward 
   Center                   Left Wing                Right Wing               Time % Phy DF OF 
 1 Zack Hamill              Elias Lindholm           Corey Tropp              60     1   2  2  
 2 Radek Faksa              Tyler Bertuzzi           Austen Brassard          40     1   2  2  

PowerPlay Defense
   Defense                  Defense                                           Time % Phy DF OF 
 1 Samuel Morin             Adam Pelech                                       60     1   2  2  
 2 Brett Kulak              Noah Juulsen                                      40     1   2  2  

Penalty Kill 4 Players Forward 
   Center                   Wing                     Time % Phy DF OF 
 1 Corey Tropp              Tyler Bertuzzi           60     1   2  2  
 2 Andreas Athanasiou       Carter Ashton            40     1   2  2  

Penalty Kill 4 Players Defense
   Defense                  Defense                  Time % Phy DF OF 
 1 Samuel Morin             Adam Pelech              60     1   2  2  
 2 Brett Kulak              Madison Bowey            40     1   2  2  

Penalty Kill - 3 Players Forward 
   Forward                                           Time % Phy DF OF 
 1 Tyler Bertuzzi                                    60     1   2  2  
 2 Corey Tropp                                       40     1   2  2  

Penalty Kill - 3 Players Defense
   Defense                  Defense                  Time % Phy DF OF 
 1 Samuel Morin             Adam Pelech              60     1   2  2  
 2 Brett Kulak              Madison Bowey            40     1   2  2  

4 vs 4 Forward 
   Center                   Wing                     Time % Phy DF OF 
 1 Elias Lindholm           Zack Hamill              60     1   2  2  
 2 Radek Faksa              Andreas Athanasiou       40     1   2  2  

4 vs 4 Defense
   Defense                  Defense                  Time % Phy DF OF 
 1 Madison Bowey            Adam Pelech              60     1   2  2  
 2 Brett Kulak              Noah Juulsen             40     1   2  2  

Last Minutes Offensive
   Center                   Left Wing                Right Wing               Defense                  Defense                  
   Zack Hamill              Andreas Athanasiou       Corey Tropp              Samuel Morin             Adam Pelech              

Last Minutes Defensive
   Center                   Left Wing                Right Wing               Defense                  Defense                  
   Zack Hamill              Tyler Bertuzzi           Corey Tropp              Madison Bowey            Samuel Morin             

Goaltenders
Starting : Louis Domingue           
Backup : Daniel Altshuller        

Extra Forwards
Normal : Radek Faksa, Andreas Athanasiou, Elias Lindholm - PP : Tyler Bertuzzi, Andreas Athanasiou - PK : Tyler Bertuzzi
Extra Defensemen
Normal : Noah Juulsen, Madison Bowey, Adam Pelech - PP : Fredrik Claesson - PK : Noah Juulsen, Madison Bowey
Penalty Shots
Zack Hamill, Elias Lindholm, Andreas Athanasiou, Radek Faksa, Tyler Bertuzzi

Scratches
Michael Joly (Healthy), Ben Betker (Healthy), Connor Clifton (Healthy), Nicolas Roy (Healthy), Gabriel Gagne (Healthy)
Joseph Cramarossa (Healthy), Austin Wagner (Healthy), Daniel Audette (Healthy)

Atomiques

5 vs 5 Forward 
   Center                   Left Wing                Right Wing               Time % Phy DF OF 
 1 Oscar Sundqvist          Pontus Aberg             Christian Fischer        30     1   2  2  
 2 Dylan Strome             William Nylander         Denis Gurianov           30     1   2  2  
 3 Chase De Leo             Kirill Kaprizov          Kevin Fiala              25     1   2  2  
 4 Axel Holmstrom           Jordan Greenway          Nicolas Aube-Kubel       15     1   2  2  

5 vs 5 Defense 
   Defense                  Defense                                           Time % Phy DF OF 
 1 Matt Tennyson            Cody Goloubef                                     40     1   2  2  
 2 Brendan Guhle            Jeremy Lauzon                                     30     1   2  2  
 3 Sean Walker              Oliver Kylington                                  20     1   2  2  
 4 Matt Tennyson            Cody Goloubef                                     10     1   2  2  

PowerPlay Forward 
   Center                   Left Wing                Right Wing               Time % Phy DF OF 
 1 Oscar Sundqvist          Pontus Aberg             Christian Fischer        60     1   2  2  
 2 Dylan Strome             William Nylander         Denis Gurianov           40     1   2  2  

PowerPlay Defense
   Defense                  Defense                                           Time % Phy DF OF 
 1 Matt Tennyson            Cody Goloubef                                     60     1   2  2  
 2 Brendan Guhle            Jeremy Lauzon                                     40     1   2  2  

Penalty Kill 4 Players Forward 
   Center                   Wing                     Time % Phy DF OF 
 1 Oscar Sundqvist          Kevin Fiala              60     1   2  2  
 2 William Nylander         Nicolas Aube-Kubel       40     1   2  2  

Penalty Kill 4 Players Defense
   Defense                  Defense                  Time % Phy DF OF 
 1 Matt Tennyson            Cody Goloubef            60     1   2  2  
 2 Brendan Guhle            Jeremy Lauzon            40     1   2  2  

Penalty Kill - 3 Players Forward 
   Forward                                           Time % Phy DF OF 
 1 Oscar Sundqvist                                   60     1   2  2  
 2 William Nylander                                  40     1   2  2  

Penalty Kill - 3 Players Defense
   Defense                  Defense                  Time % Phy DF OF 
 1 Matt Tennyson            Cody Goloubef            60     1   2  2  
 2 Brendan Guhle            Jeremy Lauzon            40     1   2  2  

4 vs 4 Forward 
   Center                   Wing                     Time % Phy DF OF 
 1 Oscar Sundqvist          Pontus Aberg             60     1   2  2  
 2 Dylan Strome             William Nylander         40     1   2  2  

4 vs 4 Defense
   Defense                  Defense                  Time % Phy DF OF 
 1 Matt Tennyson            Cody Goloubef            60     1   2  2  
 2 Brendan Guhle            Jeremy Lauzon            40     1   2  2  

Last Minutes Offensive
   Center                   Left Wing                Right Wing               Defense                  Defense                  
   Oscar Sundqvist          Pontus Aberg             Christian Fischer        Matt Tennyson            Cody Goloubef            

Last Minutes Defensive
   Center                   Left Wing                Right Wing               Defense                  Defense                  
   Dylan Strome             William Nylander         Kevin Fiala              Matt Tennyson            Cody Goloubef            

Goaltenders
Starting : Kaapo Kahkonen           
Backup : Alex Nedeljkovic         

Extra Forwards
Normal : William Nylander, Jordan Greenway, Kirill Kaprizov - PP : Nicolas Aube-Kubel, Kevin Fiala - PK : Pontus Aberg
Extra Defensemen
Normal : Brendan Guhle, Oliver Kylington, Sean Walker - PP : Brendan Guhle - PK : Oliver Kylington, Jeremy Lauzon
Penalty Shots
Christian Fischer, William Nylander, Denis Gurianov, Kirill Kaprizov, Pontus Aberg

Scratches
Michael Chaput (Bruised Left Leg Injury), Max McCormick (Healthy), Dalton Smith (Healthy), Wiley Sherman (Left Hip Injury), Keegan Iverson (Healthy)

% Time on Ice - Punishers

Lines # - Real PCT - Wanted PCT - Time Play
Normal Forward
1 - 35% - 40% - 16:22
2 - 25% - 30% - 11:47
3 - 23% - 20% - 10:36
4 - 18% - 10% - 8:14
Normal Defense
1 - 38% - 40% - 17:44
2 - 34% - 30% - 16:01
3 - 24% - 20% - 11:30
4 - 4% - 10% - 1:44
PP Forward
1 - 62% - 60% - 5:28
2 - 38% - 40% - 3:20
PP Defense
1 - 67% - 60% - 5:53
2 - 33% - 40% - 2:55
PK Forward
1 - 68% - 60% - 2:51
2 - 32% - 40% - 1:22
PK Defense
1 - 58% - 60% - 2:28
2 - 42% - 40% - 1:45
PK3 Forward
1 - 0% - 60%
2 - 0% - 40%
PK3 Defense
1 - 0% - 60%
2 - 0% - 40%
44 Forward
1 - 0% - 60%
2 - 0% - 40%
44 Defense
1 - 0% - 60%
2 - 0% - 40%
Last Minute Offensive  - 0:00
Last Minute Defensive  - 0:00
Total
Forward - 60:00
Defense - 60:00

% Time on Ice - Atomiques

Lines # - Real PCT - Wanted PCT - Time Play
Normal Forward
1 - 29% - 30% - 13:30
2 - 30% - 30% - 13:57
3 - 22% - 25% - 10:31
4 - 19% - 15% - 9:01
Normal Defense
1 - 43% - 40% - 20:20
2 - 33% - 30% - 15:23
3 - 20% - 20% - 9:13
4 - 4% - 10% - 2:03
PP Forward
1 - 56% - 60% - 2:21
2 - 44% - 40% - 1:52
PP Defense
1 - 52% - 60% - 2:12
2 - 48% - 40% - 2:01
PK Forward
1 - 77% - 60% - 6:48
2 - 23% - 40% - 2:00
PK Defense
1 - 59% - 60% - 5:09
2 - 41% - 40% - 3:39
PK3 Forward
1 - 0% - 60%
2 - 0% - 40%
PK3 Defense
1 - 0% - 60%
2 - 0% - 40%
44 Forward
1 - 0% - 60%
2 - 0% - 40%
44 Defense
1 - 0% - 60%
2 - 0% - 40%
Last Minute Offensive  - 0:00
Last Minute Defensive  - 0:00
Total
Forward - 60:00
Defense - 60:00

Play-by-Play

1st period


0:01 of 1st period - Pontus Aberg wins face-off versus Elias Lindholm in neutral zone.
0:21 of 1st period - Minor Penalty to Elias Lindholm for Tripping.
0:22 of 1st period - Corey Tropp wins face-off versus Oscar Sundqvist in Punishers zone.
0:47 of 1st period - Matt Tennyson is hit by Carter Ashton and loses puck.
2:21 of 1st period - Penalty to Elias Lindholm is over, Elias Lindholm is back on ice.
2:30 of 1st period - Samuel Morin is hit by Kirill Kaprizov and loses puck.
3:17 of 1st period - Minor Penalty to Dylan Strome for High sticking.
3:18 of 1st period - Zack Hamill wins face-off versus Oscar Sundqvist in Atomiques zone.
3:20 of 1st period - Snap shot by Corey Tropp.
3:20 of 1st period - Shot Blocked by Matt Tennyson.
3:22 of 1st period - Snap shot by Brett Kulak.
3:22 of 1st period - Shot Misses the Net.
3:24 of 1st period - Slapshot by Noah Juulsen.
3:24 of 1st period - Deflect By Cody Goloubef.
3:24 of 1st period - Stopped by Kaapo Kahkonen with a rebound.
3:44 of 1st period - Tyler Bertuzzi is hit by Nicolas Aube-Kubel and loses puck.
3:51 of 1st period - Snap shot by Nicolas Aube-Kubel.
3:51 of 1st period - Stopped by Louis Domingue with a rebound.
5:17 of 1st period - Penalty to Dylan Strome is over, Dylan Strome is back on ice.
5:29 of 1st period - Wrist shot by Pontus Aberg.
5:29 of 1st period - Stopped by Louis Domingue with a rebound.
6:17 of 1st period - Snap shot by Pontus Aberg.
6:17 of 1st period - Shot Misses the Net.
6:19 of 1st period - Wrist shot by William Nylander.
6:19 of 1st period - Deflect By Denis Gurianov.
6:19 of 1st period - Stopped by Louis Domingue with a rebound.
7:06 of 1st period - Corey Tropp is hit by Kirill Kaprizov and loses puck.
7:13 of 1st period - Corey Tropp is hit by Kevin Fiala and loses puck.
7:41 of 1st period - Nicolas Aube-Kubel is hit by Adam Pelech and loses puck.
8:19 of 1st period - Radek Faksa is hit by Axel Holmstrom and loses puck.
8:26 of 1st period - Slapshot by Cody Goloubef.
8:26 of 1st period - Shot Blocked by Samuel Morin.
8:28 of 1st period - Wrist shot by Nicolas Aube-Kubel.
8:28 of 1st period - Goal by Nicolas Aube-Kubel - Punishers : 0 - Atomiques : 1.
8:29 of 1st period - Dylan Strome wins face-off versus Elias Lindholm in neutral zone.
8:38 of 1st period - Elias Lindholm is hit by Matt Tennyson and loses puck.
9:43 of 1st period - Slapshot by Zack Hamill.
9:43 of 1st period - Stopped by Kaapo Kahkonen without a rebound.
9:44 of 1st period - Oscar Sundqvist wins face-off versus Elias Lindholm in Atomiques zone.
11:08 of 1st period - Minor Penalty to Niko Mikkola for Slashing.
11:09 of 1st period - Oscar Sundqvist wins face-off versus Corey Tropp in Punishers zone.
13:08 of 1st period - Penalty to Niko Mikkola is over, Niko Mikkola is back on ice.
13:19 of 1st period - Snap shot by Radek Faksa.
13:19 of 1st period - Stopped by Kaapo Kahkonen with a rebound.
13:24 of 1st period - Off-side.
13:25 of 1st period - Chase De Leo wins face-off versus Zack Hamill in neutral zone.
13:27 of 1st period - Off-side.
13:28 of 1st period - Zack Hamill wins face-off versus Chase De Leo in neutral zone.
14:06 of 1st period - Slapshot by Dylan Strome.
14:06 of 1st period - Shot Misses the Net.
14:24 of 1st period - Axel Holmstrom is hit by Samuel Morin and loses puck.
14:29 of 1st period - Snap shot by Radek Faksa.
14:29 of 1st period - Stopped by Kaapo Kahkonen with a rebound.
14:31 of 1st period - Slapshot by Radek Faksa.
14:31 of 1st period - Stopped by Kaapo Kahkonen with a rebound.
15:01 of 1st period - Kevin Fiala is hit by Andreas Athanasiou and loses puck.
15:06 of 1st period - Snap shot by Andreas Athanasiou.
15:06 of 1st period - Stopped by Kaapo Kahkonen with a rebound.
15:27 of 1st period - Wrist shot by William Nylander.
15:27 of 1st period - Stopped by Louis Domingue with a rebound.
15:31 of 1st period - Wrist shot by Denis Gurianov.
15:31 of 1st period - Shot Blocked by Noah Juulsen.
15:33 of 1st period - Wrist shot by Sean Walker.
15:33 of 1st period - Shot Misses the Net.
16:11 of 1st period - Off-side.
16:12 of 1st period - Elias Lindholm wins face-off versus Dylan Strome in neutral zone.
16:15 of 1st period - Wrist shot by Elias Lindholm.
16:15 of 1st period - Shot Misses the Net.
16:45 of 1st period - Wrist shot by Kirill Kaprizov.
16:45 of 1st period - Stopped by Louis Domingue with a rebound.
16:47 of 1st period - Snap shot by Kirill Kaprizov.
16:47 of 1st period - Shot Misses the Net.
16:49 of 1st period - Backhand shot by Chase De Leo.
16:49 of 1st period - Stopped by Louis Domingue with a rebound.
17:05 of 1st period - Snap shot by Nikita Gusev.
17:05 of 1st period - Stopped by Kaapo Kahkonen with a rebound.
17:07 of 1st period - Wrist shot by John Quenneville.
17:07 of 1st period - Shot Blocked by Cody Goloubef.
17:09 of 1st period - Slapshot by Madison Bowey.
17:09 of 1st period - Shot Misses the Net.
17:30 of 1st period - Wrist shot by Corey Tropp.
17:30 of 1st period - Shot Misses the Net.
18:04 of 1st period - Nikita Gusev is hit by Kirill Kaprizov and loses puck.
18:13 of 1st period - Snap shot by Kevin Fiala.
18:13 of 1st period - Shot Blocked by Noah Juulsen.
18:15 of 1st period - Snap shot by Kevin Fiala.
18:15 of 1st period - Shot Misses the Net.
18:36 of 1st period - Backhand shot by Carter Ashton.
18:36 of 1st period - Stopped by Kaapo Kahkonen with a rebound.
18:38 of 1st period - Snap shot by Carter Ashton.
18:38 of 1st period - Shot Blocked by Oscar Sundqvist.
18:40 of 1st period - Wrist shot by Carter Ashton.
18:40 of 1st period - Shot Blocked by Pontus Aberg.
18:42 of 1st period - Wrist shot by Nikita Gusev.
18:42 of 1st period - Shot Blocked by Oscar Sundqvist.
18:44 of 1st period - Snap shot by John Quenneville.
18:44 of 1st period - Shot Blocked by Oliver Kylington.
18:46 of 1st period - Wrist shot by Carter Ashton.
18:46 of 1st period - Stopped by Kaapo Kahkonen without a rebound.
18:47 of 1st period - Elias Lindholm wins face-off versus Dylan Strome in Atomiques zone.
19:00 of 1st period - Snap shot by Elias Lindholm.
19:00 of 1st period - Shot Misses the Net.
19:22 of 1st period - Snap shot by Tyler Bertuzzi.
19:22 of 1st period - Shot Misses the Net.
19:55 of 1st period - Andreas Athanasiou is hit by William Nylander.
Goals for this period are 0 for Punishers vs 1 for Atomiques.
Shots for this period are 9 for Punishers vs 7 for Atomiques.

2nd period


0:01 of 2nd period - Dylan Strome wins face-off versus Elias Lindholm in neutral zone.
0:58 of 2nd period - Slapshot by John Quenneville.
0:58 of 2nd period - Stopped by Kaapo Kahkonen with a rebound.
1:16 of 2nd period - Slapshot by Jordan Greenway.
1:16 of 2nd period - Stopped by Louis Domingue with a rebound.
1:23 of 2nd period - Icing by Nicolas Aube-Kubel.
1:24 of 2nd period - Axel Holmstrom wins face-off versus Elias Lindholm in Atomiques zone.
1:36 of 2nd period - Off-side.
1:37 of 2nd period - Elias Lindholm wins face-off versus Oscar Sundqvist in neutral zone.
1:42 of 2nd period - Wrist shot by Austen Brassard.
1:42 of 2nd period - Shot Misses the Net.
1:44 of 2nd period - Snap shot by Austen Brassard.
1:44 of 2nd period - Shot Misses the Net.
1:46 of 2nd period - Slapshot by Brett Kulak.
1:46 of 2nd period - Stopped by Kaapo Kahkonen without a rebound.
1:47 of 2nd period - Oscar Sundqvist wins face-off versus Elias Lindholm in Atomiques zone.
1:49 of 2nd period - Minor Penalty to Cody Goloubef for Hooking.
1:50 of 2nd period - Oscar Sundqvist wins face-off versus Zack Hamill in Atomiques zone.
2:34 of 2nd period - Wrist shot by Nicolas Aube-Kubel.
2:34 of 2nd period - Shot Blocked by Austen Brassard.
2:36 of 2nd period - Backhand shot by Jeremy Lauzon.
2:36 of 2nd period - Stopped by Louis Domingue with a rebound.
2:38 of 2nd period - Snap shot by Jeremy Lauzon.
2:38 of 2nd period - Shot Misses the Net.
2:40 of 2nd period - Slapshot by William Nylander.
2:40 of 2nd period - Shot Blocked by Samuel Morin.
3:01 of 2nd period - Snap shot by Kirill Kaprizov.
3:01 of 2nd period - Stopped by Louis Domingue with a rebound.
3:48 of 2nd period - Matt Tennyson is hit by Carter Ashton and loses puck.
3:49 of 2nd period - Penalty to Cody Goloubef is over, Cody Goloubef is back on ice.
4:01 of 2nd period - Brett Kulak is hit by Pontus Aberg and loses puck.
4:54 of 2nd period - Wrist shot by Kirill Kaprizov.
4:54 of 2nd period - Deflect By Kevin Fiala.
4:54 of 2nd period - Shot Blocked by Madison Bowey.
4:54 of 2nd period - Puck is out of play.
4:55 of 2nd period - Chase De Leo wins face-off versus Zack Hamill in Punishers zone.
5:13 of 2nd period - Kirill Kaprizov is hit by Brett Kulak and loses puck.
6:13 of 2nd period - Snap shot by Andreas Athanasiou.
6:13 of 2nd period - Shot Misses the Net.
6:29 of 2nd period - Snap shot by Zack Hamill.
6:29 of 2nd period - Stopped by Kaapo Kahkonen without a rebound.
6:30 of 2nd period - Denis Gurianov wins face-off versus Zack Hamill in Atomiques zone.
6:45 of 2nd period - Madison Bowey is hit by William Nylander and loses puck.
6:57 of 2nd period - Icing by Brett Kulak.
6:58 of 2nd period - Zack Hamill wins face-off versus Oscar Sundqvist in Punishers zone.
6:58 of 2nd period - Zack Hamill is hit by Oscar Sundqvist.
7:13 of 2nd period - Minor Penalty to Christian Fischer for Interference.
7:14 of 2nd period - Oscar Sundqvist wins face-off versus Zack Hamill in Atomiques zone.
8:10 of 2nd period - Slapshot by Adam Pelech.
8:10 of 2nd period - Shot Blocked by Jeremy Lauzon.
8:12 of 2nd period - Snap shot by Radek Faksa.
8:12 of 2nd period - Goal by Radek Faksa - Punishers : 1 - Atomiques : 1.
8:13 of 2nd period - Dylan Strome wins face-off versus John Quenneville in neutral zone.
8:24 of 2nd period - Wrist shot by Cody Goloubef.
8:24 of 2nd period - Shot Blocked by John Quenneville.
8:45 of 2nd period - Slapshot by Elias Lindholm.
8:45 of 2nd period - Shot Blocked by Brendan Guhle.
8:47 of 2nd period - Snap shot by Austen Brassard.
8:47 of 2nd period - Deflect By Andreas Athanasiou.
8:47 of 2nd period - Shot Misses the Net.
8:47 of 2nd period - Puck is out of play.
8:48 of 2nd period - Dylan Strome wins face-off versus Radek Faksa in Atomiques zone.
9:36 of 2nd period - Madison Bowey is hit by Kirill Kaprizov and loses puck.
9:50 of 2nd period - Icing by Matt Tennyson.
9:51 of 2nd period - Radek Faksa wins face-off versus Chase De Leo in Atomiques zone.
9:54 of 2nd period - Wrist shot by Radek Faksa.
9:54 of 2nd period - Shot Misses the Net.
9:56 of 2nd period - Wrist shot by Radek Faksa.
9:56 of 2nd period - Stopped by Kaapo Kahkonen with a rebound.
9:58 of 2nd period - Slapshot by Brett Kulak.
9:58 of 2nd period - Shot Blocked by Kevin Fiala.
10:02 of 2nd period - Snap shot by Adam Pelech.
10:02 of 2nd period - Deflect By Radek Faksa.
10:02 of 2nd period - Shot Misses the Net.
10:02 of 2nd period - Puck is out of play.
10:03 of 2nd period - Elias Lindholm wins face-off versus Dylan Strome in Atomiques zone.
10:06 of 2nd period - Snap shot by Andreas Athanasiou.
10:06 of 2nd period - Shot Misses the Net.
10:14 of 2nd period - Elias Lindholm is hit by Cody Goloubef and loses puck.
10:31 of 2nd period - Snap shot by Cody Goloubef.
10:31 of 2nd period - Shot Misses the Net.
11:25 of 2nd period - Slapshot by Jeremy Lauzon.
11:25 of 2nd period - Stopped by Louis Domingue with a rebound.
11:31 of 2nd period - Pontus Aberg is hit by Andreas Athanasiou and loses puck.
12:26 of 2nd period - Wrist shot by Nicolas Aube-Kubel.
12:26 of 2nd period - Stopped by Louis Domingue without a rebound.
12:27 of 2nd period - Elias Lindholm wins face-off versus Axel Holmstrom in Punishers zone.
12:39 of 2nd period - Austen Brassard is hit by Nicolas Aube-Kubel and loses puck.
12:54 of 2nd period - Icing by Jeremy Lauzon.
12:55 of 2nd period - Radek Faksa wins face-off versus Dylan Strome in Atomiques zone.
12:56 of 2nd period - Snap shot by Tyler Bertuzzi.
12:56 of 2nd period - Deflect By Corey Tropp.
12:56 of 2nd period - Stopped by Kaapo Kahkonen with a rebound.
12:58 of 2nd period - Slapshot by Adam Pelech.
12:58 of 2nd period - Shot Blocked by Cody Goloubef.
13:11 of 2nd period - Snap shot by Radek Faksa.
13:11 of 2nd period - Shot Blocked by Dylan Strome.
13:13 of 2nd period - Wrist shot by Tyler Bertuzzi.
13:13 of 2nd period - Stopped by Kaapo Kahkonen with a rebound.
13:15 of 2nd period - Wrist shot by Corey Tropp.
13:15 of 2nd period - Shot Blocked by Cody Goloubef.
13:27 of 2nd period - Snap shot by William Nylander.
13:27 of 2nd period - Stopped by Louis Domingue with a rebound.
13:33 of 2nd period - Snap shot by William Nylander.
13:33 of 2nd period - Stopped by Louis Domingue with a rebound.
13:35 of 2nd period - Snap shot by Dylan Strome.
13:35 of 2nd period - Atomiques goal is going for a video replay.
13:35 of 2nd period - The goal is refused. The attacking player has interfered with a goalkeeper in his goal crease..
13:36 of 2nd period - Oscar Sundqvist wins face-off versus Elias Lindholm in Punishers zone.
13:51 of 2nd period - Snap shot by Andreas Athanasiou.
13:51 of 2nd period - Stopped by Kaapo Kahkonen with a rebound.
14:07 of 2nd period - Snap shot by Nikita Gusev.
14:07 of 2nd period - Shot Blocked by Kirill Kaprizov.
16:36 of 2nd period - Kevin Fiala is hit by Niko Mikkola and loses puck.
16:43 of 2nd period - Wrist shot by Zack Hamill.
16:43 of 2nd period - Stopped by Kaapo Kahkonen with a rebound.
16:45 of 2nd period - Slapshot by Adam Pelech.
16:45 of 2nd period - Deflect By Zack Hamill.
16:45 of 2nd period - Stopped by Kaapo Kahkonen without a rebound.
16:46 of 2nd period - Elias Lindholm wins face-off versus Dylan Strome in Atomiques zone.
17:12 of 2nd period - Minor Penalty to Radek Faksa for Hooking.
17:13 of 2nd period - Oscar Sundqvist wins face-off versus Corey Tropp in Punishers zone.
17:25 of 2nd period - Wrist shot by Oscar Sundqvist.
17:25 of 2nd period - Shot Blocked by Tyler Bertuzzi.
17:27 of 2nd period - Snap shot by Oscar Sundqvist.
17:27 of 2nd period - Atomiques goal is going for a video replay.
17:27 of 2nd period - The goal is good.
17:27 of 2nd period - Goal by Oscar Sundqvist - Punishers : 1 - Atomiques : 2.
17:28 of 2nd period - Andreas Athanasiou wins face-off versus Oscar Sundqvist in neutral zone.
17:35 of 2nd period - Wrist shot by Elias Lindholm.
17:35 of 2nd period - Stopped by Kaapo Kahkonen without a rebound.
17:36 of 2nd period - Oscar Sundqvist wins face-off versus Elias Lindholm in Atomiques zone.
17:54 of 2nd period - Matt Tennyson is hit by Andreas Athanasiou and loses puck.
18:25 of 2nd period - Snap shot by Pontus Aberg.
18:25 of 2nd period - Stopped by Louis Domingue with a rebound.
18:39 of 2nd period - Wrist shot by Elias Lindholm.
18:39 of 2nd period - Stopped by Kaapo Kahkonen without a rebound.
18:40 of 2nd period - Radek Faksa wins face-off versus Denis Gurianov in Atomiques zone.
18:55 of 2nd period - Snap shot by Corey Tropp.
18:55 of 2nd period - Stopped by Kaapo Kahkonen without a rebound.
18:56 of 2nd period - Chase De Leo wins face-off versus Carter Ashton in Atomiques zone.
19:22 of 2nd period - Jeremy Lauzon is hit by Adam Pelech.
19:46 of 2nd period - Snap shot by Zack Hamill.
19:46 of 2nd period - Shot Misses the Net.
19:48 of 2nd period - Backhand shot by Brett Kulak.
19:48 of 2nd period - Stopped by Kaapo Kahkonen with a rebound.
19:54 of 2nd period - Snap shot by Zack Hamill.
19:54 of 2nd period - Goal by Zack Hamill - Punishers : 2 - Atomiques : 2.
19:55 of 2nd period - Elias Lindholm wins face-off versus Dylan Strome in neutral zone.
Goals for this period are 2 for Punishers vs 1 for Atomiques.
Shots for this period are 15 for Punishers vs 10 for Atomiques.

3rd period


0:01 of 3rd period - Elias Lindholm wins face-off versus Dylan Strome in neutral zone.
0:06 of 3rd period - Slapshot by Cody Goloubef.
0:06 of 3rd period - Stopped by Louis Domingue with a rebound.
0:08 of 3rd period - Snap shot by Dylan Strome.
0:08 of 3rd period - Stopped by Louis Domingue with a rebound.
0:26 of 3rd period - Pontus Aberg is hit by John Quenneville and loses puck.
0:51 of 3rd period - Adam Pelech is hit by Kevin Fiala and loses puck.
1:02 of 3rd period - Slapshot by Kirill Kaprizov.
1:02 of 3rd period - Shot Misses the Net.
1:04 of 3rd period - Slapshot by Kirill Kaprizov.
1:04 of 3rd period - Shot Blocked by Brett Kulak.
1:42 of 3rd period - Brett Kulak is hit by Brendan Guhle and loses puck.
2:43 of 3rd period - Icing by Jordan Greenway.
2:44 of 3rd period - Elias Lindholm wins face-off versus Axel Holmstrom in Atomiques zone.
2:51 of 3rd period - Slapshot by Austen Brassard.
2:51 of 3rd period - Shot Blocked by Cody Goloubef.
3:08 of 3rd period - Snap shot by Jordan Greenway.
3:08 of 3rd period - Shot Misses the Net.
3:30 of 3rd period - Wrist shot by Axel Holmstrom.
3:30 of 3rd period - Shot Misses the Net.
3:40 of 3rd period - Wrist shot by Andreas Athanasiou.
3:40 of 3rd period - Shot Misses the Net.
3:42 of 3rd period - Snap shot by Andreas Athanasiou.
3:42 of 3rd period - Stopped by Kaapo Kahkonen without a rebound.
3:43 of 3rd period - Radek Faksa wins face-off versus Dylan Strome in Atomiques zone.
4:11 of 3rd period - Minor Penalty to Oscar Sundqvist for Roughing.
4:12 of 3rd period - Pontus Aberg wins face-off versus Zack Hamill in Atomiques zone.
4:12 of 3rd period - Pontus Aberg is hit by Corey Tropp.
4:36 of 3rd period - Matt Tennyson is hit by Corey Tropp and loses puck.
5:43 of 3rd period - Wrist shot by Zack Hamill.
5:43 of 3rd period - Deflect By Elias Lindholm.
5:43 of 3rd period - Shot Misses the Net.
5:43 of 3rd period - Puck is out of play.
5:44 of 3rd period - Pontus Aberg wins face-off versus Radek Faksa in Atomiques zone.
6:01 of 3rd period - Kevin Fiala is hit by Austen Brassard and loses puck.
6:11 of 3rd period - Penalty to Oscar Sundqvist is over, Oscar Sundqvist is back on ice.
6:19 of 3rd period - Off-side.
6:20 of 3rd period - John Quenneville wins face-off versus Axel Holmstrom in neutral zone.
6:47 of 3rd period - Off-side.
6:48 of 3rd period - Radek Faksa wins face-off versus Oscar Sundqvist in neutral zone.
7:10 of 3rd period - Wrist shot by Anton Blidh.
7:10 of 3rd period - Deflect By Alex Schoenborn.
7:10 of 3rd period - Shot Hit the Post.
7:10 of 3rd period - Puck is out of play.
7:11 of 3rd period - John Quenneville wins face-off versus Dylan Strome in Atomiques zone.
7:15 of 3rd period - Minor Penalty to Denis Gurianov for Interference.
7:16 of 3rd period - Oscar Sundqvist wins face-off versus Corey Tropp in Atomiques zone.
7:16 of 3rd period - Oscar Sundqvist is hit by Elias Lindholm.
8:28 of 3rd period - Snap shot by Tyler Bertuzzi.
8:28 of 3rd period - Goal by Tyler Bertuzzi - Punishers : 3 - Atomiques : 2.
8:29 of 3rd period - Dylan Strome wins face-off versus Elias Lindholm in neutral zone.
8:29 of 3rd period - Denis Gurianov is hit by Madison Bowey.
8:47 of 3rd period - Austen Brassard is hit by Matt Tennyson.
9:37 of 3rd period - Minor Penalty to Oscar Sundqvist for Hooking.
9:38 of 3rd period - Dylan Strome wins face-off versus Zack Hamill in Atomiques zone.
10:10 of 3rd period - Slapshot by Zack Hamill.
10:10 of 3rd period - Deflect By Elias Lindholm.
10:10 of 3rd period - Stopped by Kaapo Kahkonen with a rebound.
10:14 of 3rd period - Snap shot by Zack Hamill.
10:14 of 3rd period - Shot Blocked by Jeremy Lauzon.
10:16 of 3rd period - Snap shot by Zack Hamill.
10:16 of 3rd period - Goal by Zack Hamill - Punishers : 4 - Atomiques : 2.
10:17 of 3rd period - John Quenneville wins face-off versus Dylan Strome in neutral zone.
10:32 of 3rd period - Nikita Gusev is hit by Cody Goloubef.
10:53 of 3rd period - Chase De Leo is hit by Andreas Athanasiou and loses puck.
11:04 of 3rd period - Snap shot by Tyler Bertuzzi.
11:04 of 3rd period - Goal by Tyler Bertuzzi - Punishers : 5 - Atomiques : 2.
11:05 of 3rd period - Chase De Leo wins face-off versus Elias Lindholm in neutral zone.
11:30 of 3rd period - Tyler Bertuzzi is hit by Denis Gurianov and loses puck.
11:37 of 3rd period - Slapshot by Cody Goloubef.
11:37 of 3rd period - Shot Misses the Net.
11:39 of 3rd period - Wrist shot by Denis Gurianov.
11:39 of 3rd period - Shot Misses the Net.
11:41 of 3rd period - Slapshot by Cody Goloubef.
11:41 of 3rd period - Shot Misses the Net.
11:43 of 3rd period - Slapshot by Cody Goloubef.
11:43 of 3rd period - Shot Blocked by Corey Tropp.
13:03 of 3rd period - Slapshot by William Nylander.
13:03 of 3rd period - Deflect By Fredrik Claesson.
13:03 of 3rd period - Shot Misses the Net.
13:03 of 3rd period - Puck is out of play.
13:04 of 3rd period - Oscar Sundqvist wins face-off versus Elias Lindholm in Punishers zone.
13:29 of 3rd period - Dylan Strome is hit by Tyler Bertuzzi and loses puck.
13:56 of 3rd period - Slapshot by Nikita Gusev.
13:56 of 3rd period - Shot Blocked by Jeremy Lauzon.
13:58 of 3rd period - Slapshot by Madison Bowey.
13:58 of 3rd period - Stopped by Kaapo Kahkonen with a rebound.
14:00 of 3rd period - Slapshot by Carter Ashton.
14:00 of 3rd period - Stopped by Kaapo Kahkonen without a rebound.
14:01 of 3rd period - Elias Lindholm wins face-off versus Oscar Sundqvist in Atomiques zone.
14:02 of 3rd period - Wrist shot by Andreas Athanasiou.
14:02 of 3rd period - Stopped by Kaapo Kahkonen with a rebound.
14:10 of 3rd period - Madison Bowey is hit by Christian Fischer and loses puck.
14:29 of 3rd period - Slapshot by Samuel Morin.
14:29 of 3rd period - Shot Misses the Net.
14:31 of 3rd period - Wrist shot by Radek Faksa.
14:31 of 3rd period - Stopped by Kaapo Kahkonen without a rebound.
14:32 of 3rd period - Radek Faksa wins face-off versus Chase De Leo in Atomiques zone.
14:33 of 3rd period - Wrist shot by Corey Tropp.
14:33 of 3rd period - Shot Blocked by Brendan Guhle.
15:06 of 3rd period - Wrist shot by Andreas Athanasiou.
15:06 of 3rd period - Stopped by Kaapo Kahkonen without a rebound.
15:07 of 3rd period - Oscar Sundqvist wins face-off versus Elias Lindholm in Atomiques zone.
15:44 of 3rd period - Dylan Strome is hit by Corey Tropp and loses puck.
15:58 of 3rd period - Off-side.
15:59 of 3rd period - John Quenneville wins face-off versus Chase De Leo in neutral zone.
16:04 of 3rd period - Wrist shot by Carter Ashton.
16:04 of 3rd period - Stopped by Kaapo Kahkonen with a rebound.
16:06 of 3rd period - Slapshot by Adam Pelech.
16:06 of 3rd period - Shot Blocked by Chase De Leo.
16:24 of 3rd period - Kirill Kaprizov is hit by Anton Blidh and loses puck.
16:29 of 3rd period - Snap shot by Zack Hamill.
16:29 of 3rd period - Shot Blocked by Chase De Leo.
16:31 of 3rd period - Snap shot by Alex Schoenborn.
16:31 of 3rd period - Stopped by Kaapo Kahkonen without a rebound.
16:32 of 3rd period - Denis Gurianov wins face-off versus Elias Lindholm in Atomiques zone.
17:07 of 3rd period - Wrist shot by Corey Tropp.
17:07 of 3rd period - Stopped by Kaapo Kahkonen with a rebound.
17:23 of 3rd period - Snap shot by John Quenneville.
17:23 of 3rd period - Shot Blocked by Matt Tennyson.
17:27 of 3rd period - Snap shot by Carter Ashton.
17:27 of 3rd period - Stopped by Kaapo Kahkonen with a rebound.
17:37 of 3rd period - Slapshot by Andreas Athanasiou.
17:37 of 3rd period - Stopped by Kaapo Kahkonen with a rebound.
18:25 of 3rd period - Samuel Morin is hit by Dylan Strome and loses puck.
18:54 of 3rd period - Fredrik Claesson is hit by Chase De Leo.
19:04 of 3rd period - Slapshot by Carter Ashton.
19:04 of 3rd period - Stopped by Kaapo Kahkonen with a rebound.
19:25 of 3rd period - Snap shot by William Nylander.
19:25 of 3rd period - Stopped by Louis Domingue without a rebound.
19:26 of 3rd period - Dylan Strome wins face-off versus Elias Lindholm in Punishers zone.
Goals for this period are 3 for Punishers vs 0 for Atomiques.
Shots for this period are 16 for Punishers vs 3 for Atomiques.